Description

1 scv leaves at 7 2 scv leaves at 17

Replay - 2000 Atmosphären LE (60)

Build Order

Get SALT Encoding   

  12  0:00  SCV  1 scv leaves at 7
  13  0:13  SCV  2 scv leaves at 17
  14  0:18  Supply Depot  
  14  0:25  SCV  
  15  0:41  Barracks  
  15  0:50  Barracks  
  15  0:57  Refinery  
  15  1:00  SCV  
  16  1:12  SCV  
  17  1:28  Orbital Command  
  17  1:29  Marine  
  18  1:37  Barracks Tech Lab  
  18  1:46  Marine  
  19  1:54  SCV  
  20  1:56  Marauder  
  22  2:04  Marine  
  22  2:05  Supply Depot  
Spawning Tool Build Advisor. Get it on Overwolf

Go to:

Details

  • Created by: lucahecker
  • Published on: Mar 15, 2022
  • Modified on: Mar 15, 2022
  • Patch: 4.11.0
  • Difficulty: Medium
Show
View Real Time Build Order
Export as new Build Order

Comments (0)

There are no comments. Be the first!

Create an account to comment!